 Dungeon Crawl Stone Soup version 0.30-a0-737-gf23d94013f (webtiles) character file.

Game seed: 15683746348120989644

6015 kae the Geomancer (level 10, -3/50 HPs)
             Began as a Gargoyle Earth Elementalist on Feb 2, 2023.
             Was a Follower of Vehumet.
             Slain by a gnoll sergeant
             ... wielding a +3 spear of freezing
              (4 damage)
             ... on level 9 of the Dungeon.
             The game lasted 00:08:19 (8370 turns).

kae the Geomancer (Gargoyle Earth Elementalist)     Turns: 8370, Time: 00:08:19

Health: -3/50      AC: 10    Str: 11    XL:     10   Next: 86%
Magic:  0/29       EV: 11    Int: 27    God:    Vehumet [*.....]
Gold:   371        SH:  0    Dex: 10    Spells: 8/22 levels left

rFire   . . .      SeeInvis .    i - staff of earth {!a}
rCold   . . .      Faith    .    (no shield)
rNeg    + . .      Spirit   +    a - +1 robe
rPois   ∞          Reflect  .    (no helmet)
rElec   +          Harm     .    (no cloak)
rCorr   .          Rampage  .    (no gloves)
Will    .....                    (no boots)
Stlth   ++                       G - amulet of guardian spirit
HPRegen 0.28/turn                W - ring of magical power
MPRegen 0.21/turn                I - +6 ring of intelligence

@: slowed, very slow
A: sickness immunity, AC +7, negative energy resistance 1, electricity
resistance, torment resistance 1, petrification resistance
a: Renounce Religion


You were on level 9 of the Dungeon.
You worshipped Vehumet.
Vehumet was aware of your devotion.
You visited 2 branches of the dungeon, and saw 10 of its levels.
You also visited: Sewer.

You collected 413 gold pieces.
You spent 42 gold pieces at shops.


Innate Abilities, Weirdness & Mutations

You are immune to sickness and miasma.
Your stone body is resilient. (AC +7)
You are immune to poison.
You resist negative energy. (rN+)
You are resistant to electric shocks. (rElec)
You are resistant to unholy torment.
You are immune to petrification.


   Skills:
 - Level 1.5 Dodging
 - Level 2.1 Stealth
 + Level 6.9 Spellcasting
 * Level 10.8 Conjurations
 - Level 0.7 Transmutations
 * Level 12.6 Earth Magic


You had 8 spell levels left.
You knew the following spells:

 Your Spells              Type           Power      Damage    Failure   Level
a - Sandblast             Erth           100%       2d20      1%          1
b - Stone Arrow           Conj/Erth      100%       3d13      1%          3
c - Passwall              Tmut/Erth      51%        N/A       1%          2
d - Petrify               Tmut/Erth      62%        N/A       3%          4
e - Leda's Liquefaction   Hex/Erth       30%        N/A       4%          4

Your spell library contained the following spells:

 Spells                   Type           Power      Damage    Failure   Level
 Shock                    Conj/Air       100%       1d9       1%          1
 Foxfire                  Conj/Fire      100%       2x1d9     1%          1
 Ensorcelled Hibernation  Hex/Ice        18%        N/A       9%          2
 Ignite Poison            Fire/Tmut/Pois 10%        N/A       16%         3
 Spider Form              Tmut/Pois      11%        N/A       16%         3
 Irradiate                Conj/Tmut      20%        3d18      16%         5
 Fireball                 Conj/Fire      19%        3d9       17%         5
 Call Canine Familiar     Summ           9%         N/A       19%         3
 Kindle Blastsparks       Fire/Tloc/Air  18%        2d11      19%         3
 Portal Projectile        Hex/Tloc       18%        N/A       19%         3
 Freezing Cloud           Conj/Ice/Air   14%        6-21      36%         5
 Anguish                  Hex/Necr       4%         N/A       52%         4
 Starburst                Conj/Fire      19%        6d7       67%         6
 Summon Forest            Summ/Tloc      4%         N/A       86%         5
 Eringya's Noxious Bog    Tmut/Pois      5%         N/A       100%        6
 Summon Hydra             Summ           4%         N/A       100%        7
 Sublimation of Blood     Necr           Unusable   N/A       N/A         2

Inventory:

Hand Weapons
 s - a +2 whip of protection
   (You took it off a kobold on level 2 of the Dungeon)
Missiles
 f - 11 boomerangs
 l - 82 stones
 p - 13 javelins
 q - 44 poisoned darts
 v - a curare-tipped dart {=f}
 C - a throwing net {=f!f}
Armour
 a - a +1 robe (worn)
Magical Staves
 i - a staff of earth (weapon) {!a}
   (You acquired it on level 5 of the Dungeon)
 D - a staff of cold {!a}
   (You found it on level 7 of the Dungeon)
Jewellery
 G - an amulet of guardian spirit (around neck)
   (You found it on level 3 of the Dungeon)
 I - a +6 ring of intelligence (right hand)
   (You found it on level 3 of the Dungeon)
 O - a +4 ring of protection
   (You found it on level 2 of the Dungeon)
 W - a ring of magical power (left hand)
   (You found it on level 3 of the Dungeon)
Wands
 d - a wand of quicksilver (8)
   (You found it on level 4 of the Dungeon)
 z - a wand of roots (6)
   (You took it off Edmund on level 6 of the Dungeon)
 A - a wand of flame (13)
   (You found it on level 5 of the Dungeon)
Scrolls
 h - a scroll of enchant weapon
 n - 2 scrolls of magic mapping {!r}
 r - a scroll of torment {!r}
 w - 2 scrolls of poison
 y - a scroll of immolation {!r!r}
 F - a scroll of silence {!r}
Potions
 b - 6 potions of magic
 c - 5 potions of curing {@q1}
 e - a potion of cancellation {unknown}
 g - 2 potions of mutation {unknown}
 j - a potion of lignification {unknown}
 k - 2 potions of brilliance
 m - 4 potions of haste {@q3}
 t - 3 potions of heal wounds {@q2}
 u - a potion of might
 x - a potion of invisibility

Dungeon Overview and Level Annotations

Branches:
Dungeon (9/15) Zot: 26938  Temple (1/1) D:7 Zot: 5713   Sewer (visited)
   Lair: D:8-11         Orc: D:9-12

Altars:
Ashenzari
Cheibriados
Dithmenos
Elyvilon
Fedhas
Gozag
Hepliaklqana
Kikubaaqudgha
Makhleb
Nemelex Xobeh
Okawaru
Qazlal
Ru
Sif Muna
Trog
Uskayaw
Vehumet
Wu Jian
Xom
Yredelemnul
Zin
The Shining One

Shops:
D:2 !

Annotations:
D:3 2 transporters, mopl's ghost, amateur TeWr

......#
....?..
#.........
.......
#.........
.......
#......$..
§......
###...(....
§......
.........##
§§.D.$.
#...h...#
..§....
#..ggh..#
#######
#§.gF@..#
##..gg.##
##.g.##
#####


You could see a gnoll sergeant, a bullfrog, 2 howler monkeys and 5 gnolls.


Message History

Casting: Stone Arrow (safe; 1% risk of failure)
Confirm with . or Enter, or press ? or * to list all spells.
Aiming: Stone Arrow (safe; 1% risk of failure)
Press: ? - help, Shift-Dir - straight line, f/p - vampire
Aim: a vampire (heavily damaged, 78% to hit)
You feel a surge of power!
The stone arrow hits the vampire!!
The vampire misses you.
The vampire bites you but does no damage.
The vampire points at you and mumbles some strange words.
You resist with some effort. 😨 MP[-3]
You lost 3 mp, and now have 3/29 mp.
Casting: Stone Arrow (safe; 1% risk of failure)
Confirm with . or Enter, or press ? or * to list all spells.
Aiming: Stone Arrow (safe; 1% risk of failure)
Press: ? - help, Shift-Dir - straight line, f/p - vampire
Aim: a vampire (almost destroyed, 78% to hit)
You feel a surge of power!
The stone arrow hits the vampire!!
You destroy the vampire!
Vehumet accepts your kill. 😨 HP[+1] MP[-2]
You lost 2 mp, and now have 1/29 mp.
Okay, then.
Something completely misses you. Something bites you!
* * * LOW HITPOINT WARNING * * *
Something hits you!
* * * LOW HITPOINT WARNING * * *
Something bites you but does no damage. 😱 HP[-18]
You take 18 damage, and now have 7/50 hp.
MASSIVE DAMAGE!! (PAUSE)
As you read the scroll of teleportation {@r4}, it crumbles to dust.
You feel strangely unstable. Something hits you but does no damage.
Something bites you.
* * * LOW HITPOINT WARNING * * *
😱 HP[-1]
You take 1 damage, and now have 6/50 hp.
Your surroundings suddenly seem different.
A wyvern and a steam dragon come into view.
Unknown command.
Unknown command.
As you read the scroll of teleportation {@r4}, it crumbles to dust.
You feel strangely unstable.
The steam dragon hisses angrily.
The steam dragon breathes steam at you. The ball of steam misses you.
The wyvern hisses angrily.
You hear a howl! x2; You hear a croak.
You hear a shout! 😱 MP[+1]
Your surroundings suddenly seem different.
A gnoll sergeant, 5 gnolls, 2 howler monkeys and a bullfrog come into view.
The gnoll sergeant is wielding a +3 spear of freezing.
A gnoll is wielding a +0 flail of protection.
A gnoll is wielding a +2 flail of draining.
Found 5 poisoned darts and 13 gold pieces.
Found an escape hatch in the ceiling.
The gnoll shouts!
The gnoll hits you but does no damage.
The gnoll sergeant barely misses you. 😱 HP[+1] Unknown command.
Okay, then.
You feel much better.
The gnoll shouts! x2; The howler monkey howls!
The gnoll shouts!
The howler monkey hoots and howls with incredible vigour! x2
The gnoll barely misses you.
The gnoll sergeant hits you from afar with a +3 spear of freezing.
The gnoll sergeant freezes you. The gnoll closely misses you.
You hear a howl!
You hear an angry buzzing noise. x3 😮 HP[+24] MP[-1]
You regained 24 hp, and now have 31/50 hp.
You lost 1 mp, and now have 1/29 mp.
The gnoll attacks as you move away! The gnoll misses you.
The howler monkey hoots and howls with incredible vigour!
The bullfrog completely misses you. The gnoll hits you but does no damage.
The bullfrog hits you but does no damage.
The gnoll sergeant hits you from afar with a +3 spear of freezing.
The gnoll sergeant freezes you.
* * * LOW HITPOINT WARNING * * *
The gnoll barely misses you. x2
You hear an angry hiss.
You hear an angry buzzing noise. 😨 HP[-6] MP[+1]
You take 6 damage, and now have 25/50 hp.
Really read
B - a scroll of blinking {!r}?
Blink to where?
Press: ? - help, Dir - move target
As you read the scroll of blinking {!r}, it crumbles to dust.
The gnoll sergeant hits you from afar with a +3 spear of freezing!
* * * LOW HITPOINT WARNING * * *
The gnoll sergeant freezes you!
* * * LOW HITPOINT WARNING * * *
The gnoll hits you with a +0 flail of protection.
* * * LOW HITPOINT WARNING * * *
The gnoll hits you but does no damage. 😱 HP[-23] MP[-2]
You take 23 damage, and now have 2/50 hp.
MASSIVE DAMAGE!! (PAUSE)
You lost 2 mp, and now have 0/29 mp.
The howler monkey hits you.
* * * LOW HITPOINT WARNING * * *
The gnoll closely misses you.
The gnoll sergeant hits you from afar with a +3 spear of freezing.
You die...

Skill      XL: |  1  2  3  4  5  6  7  8  9 10 |
---------------+-------------------------------+-----
Earth Magic    | 4 5 6 7 9 11 12 | 12.6
Conjurations   | 1 2 3 4 5 7 9 10 | 10.8
Spellcasting   | 3 4 5 6 |  6.9
Dodging        | |  1.5
Stealth        | |  2.1
Transmutations | |  0.7

Action                     |  1- 3 |  4- 6 |  7- 9 | 10-12 || total
---------------------------+-------+-------+-------+-------++-------
  Melee: Unarmed           |     7 |       |       |       ||     7
         Whip              |       |    41 |       |       ||    41
         Staff             |       |       |     2 |       ||     2
   Cast: Sandblast         |    44 |    84 |   138 |    26 ||   292
         Stone Arrow       |       |       |    42 |    42 ||    84
    Use: Scroll            |       |    14 |     2 |     5 ||    21
         Potion            |       |       |     1 |     1 ||     2
   Stab: Sleeping          |       |     1 |       |       ||     1
 Armour: Robe              |     5 |    48 |    31 |    14 ||    98
  Dodge: Dodged            |     5 |    44 |    39 |    21 ||   109

Levels and vault maps discovered:
D:1:      dpeg_arrival_arbitrary_b, layout_basic
D:2:      layout_basic, serial_shops, shop, ebering_ecumenical_altar_rust,
          minmay_increasing_density
D:3:      cheibrodos_fertilizer, layout_loops_corners, gammafunk_ghost_smash
D:4:      layout_loops_cross, mainiacjoe_overflow_swirl
D:5:      layout_cave_pools, cheibrodos_sewer_entry_bend, minivault_4
D:6:      layout_basic, mrwooster_statue_mirror, uniq_edmund
D:7:      layout_cave_pools, minmay_temple_entry_grid
D:8:      layout_basic
D:9:      cheibrodos_statue_roulette, layout_rooms, uniq_erica
Temple:   nicolae_temple_slightly_damp_pantheon

Notes
Turn   | Place    | Note
-------+----------+-------------------------------------------
     0 | D:1      | kae the Gargoyle Earth Elementalist began the quest for the
                  | Orb.
     0 | D:1      | Reached XP level 1. HP: 10/10 MP: 3/3
     0 | D:1      | magus.rc [v1.11.3]
    84 | D:1      | Reached skill level 4 in Earth Magic
    97 | D:1      | Reached XP level 2. HP: 15/15 MP: 1/5
   389 | D:1      | Reached XP level 3. HP: 19/19 MP: 4/6
   526 | D:1      | You pick up a book of Alchemy and begin reading...
   791 | D:1      | Learned a level 3 spell: Stone Arrow
   794 | D:1      | Learned a level 2 spell: Passwall
   883 | D:2      | Found Bycyqaih's Distillery.
   888 | D:2      | Bought a potion of curing for 42 gold pieces
  1025 | D:2      | Reached skill level 5 in Earth Magic
  1108 | D:2      | Found a faded altar of an unknown god.
  1166 | D:2      | Reached skill level 1 in Conjurations
  1166 | D:2      | Reached XP level 4. HP: 24/24 MP: 5/7
  1234 | D:2      | You pick up a book of Fire and begin reading...
  1234 | D:2      | You add the spells Foxfire, Fireball and Starburst to your
                  | library.
  1846 | D:3      | Found a transporter.
  1847 | D:3      | Found a transporter.
  1848 | D:3      | Noticed mopl's ghost (amateur TeWr)
  1854 | D:3      | Noticed an ogre
  1854 | D:3      | Noticed an ogre
  2332 | D:3      | Reached skill level 2 in Conjurations
  2332 | D:3      | Reached XP level 5. HP: 28/28 MP: 4/9
  2393 | D:3      | Reached skill level 3 in Spellcasting
  3053 | D:4      | Reached skill level 3 in Conjurations
  3053 | D:4      | Reached skill level 6 in Earth Magic
  3053 | D:4      | Reached XP level 6. HP: 32/32 MP: 3/10
  3668 | D:4      | Found a shimmering blue altar of Sif Muna.
  3677 | D:4      | Found a hazy altar of Hepliaklqana.
  3827 | D:5      | Entered Level 5 of the Dungeon
  3829 | D:5      | Identified a scroll of acquirement
  3829 | D:5      | Acquired a staff of earth
  3842 | D:5      | Reached skill level 4 in Conjurations
  3844 | D:5      | Reached XP level 7. HP: 26/36 MP: 11/12
  3845 | D:5      | HP: 3/36 [ogre/+0 giant spiked club (14)]
  3938 | D:5      | Reached skill level 7 in Earth Magic
  3959 | D:5      | You add the spells Kindle Blastsparks, Ignite Poison and
                  | Freezing Cloud to your library.
  3988 | D:5      | Found a glowing drain.
  4001 | Sewer    | Entered a sewer
  4193 | Sewer    | Reached skill level 5 in Conjurations
  4366 | Sewer    | Reached skill level 4 in Spellcasting
  4616 | D:5      | Learned a level 4 spell: Petrify
  4618 | D:5      | Reached XP level 8. HP: 41/41 MP: 14/14
  4912 | D:5      | Reached skill level 8 in Earth Magic
  4918 | D:5      | You pick up a book of Dreams and begin reading...
  4918 | D:5      | You add the spells Ensorcelled Hibernation, Spider Form and
                  | Anguish to your library.
  4932 | D:5      | You pick up a book of the Hunter and begin reading...
  4932 | D:5      | You add the spells Call Canine Familiar, Portal Projectile
                  | and Leda's Liquefaction to your library.
  4938 | D:5      | You fall into a shaft and drop 1 floor!
  4990 | D:6      | Reached skill level 6 in Conjurations
  5225 | D:6      | You add the spells Summon Forest, Eringya's Noxious Bog and
                  | Summon Hydra to your library.
  5390 | D:6      | Reached skill level 7 in Conjurations
  5390 | D:6      | Reached skill level 9 in Earth Magic
  5593 | D:6      | Noticed Edmund
  5599 | D:6      | Killed Edmund
  5600 | D:6      | Reached skill level 5 in Spellcasting
  5600 | D:6      | Reached XP level 9. HP: 45/45 MP: 12/16
  6133 | D:7      | Noticed a two-headed ogre
  6140 | D:7      | Killed a two-headed ogre
  6141 | D:7      | Reached skill level 8 in Conjurations
  6141 | D:7      | Reached skill level 10 in Earth Magic
  6359 | D:7      | Reached skill level 9 in Conjurations
  6445 | D:7      | Found a staircase to the Ecumenical Temple.
  6450 | D:7      | Reached skill level 11 in Earth Magic
  6455 | Temple   | Entered the Ecumenical Temple
  6723 | Temple   | Became a worshipper of Vehumet
  6771 | D:7      | Identified the +2 scale mail "Iwuxac" {rCorr Slay+2}
  6775 | D:7      | Reached skill level 6 in Spellcasting
  6955 | D:7      | Reached XP level 10. HP: 50/50 MP: 19/19
  7280 | D:7      | Learned a level 4 spell: Leda's Liquefaction
  7447 | D:8      | Reached skill level 10 in Conjurations
  7528 | D:8      | Reached skill level 12 in Earth Magic
  7794 | D:8      | Reached * piety under Vehumet
  7794 | D:8      | Offered knowledge of Shock by Vehumet.
  8349 | D:9      | Noticed Erica
  8355 | D:9      | Killed Erica
  8362 | D:9      | HP: 7/50 [something (11)]
  8369 | D:9      | HP: 7/50 [gnoll sergeant/+3 spear of freezing (6)]
  8369 | D:9      | HP: 2/50 [gnoll/+0 flail of protection[a gnoll sergeant]
                  | (5)]
  8370 | D:9      | Slain by a gnoll sergeant

Vanquished Creatures
  Erica (D:9)
  A two-headed ogre (D:7)
  6 yaks
  A vampire (D:9)
  A wraith (D:7)
  A steam dragon (D:9)
  Edmund (D:6)
  5 ice beasts
  3 sky beasts (D:7)
  3 black bears
  An orc warrior (D:7)
  3 ogres
  A phantom (D:5)
  2 kobold brigands (Sewer)
  5 bullfrogs
  A necrophage (D:7)
  4 scorpions
  4 orc priests
  4 hounds
  6 jellies
  2 gnoll boudas
  3 iguanas
  13 orc wizards
  5 adders
  15 gnolls
  2 shadow imps
  2 white imps (D:8)
  4 worms
  3 dart slugs
  45 orcs
  8 bats
  21 endoplasms
  2 giant cockroaches
  8 goblins
  7 hobgoblins
  2 jackals (D:4)
  4 quokkas
  7 ball pythons
  5 frilled lizards
  34 kobolds
  9 rats
255 creatures vanquished.

Vanquished Creatures (others)
  2 plants (Sewer)
  12 toadstools (D:3)
14 creatures vanquished.

Grand Total: 269 creatures vanquished

Table legend:
 A = Non-vault XP
 B = Vault XP
 C = Vault XP percentage of total XP
 D = Non-vault monster count
 E = Vault monster count
 F = Vault count percentage of total count
                 A         B        C        D         E       F
            +---------+---------+-------+---------+---------+-------
      Total |    7224 |    1369 |  15.9 |     200 |      55 |  21.6
            +---------+---------+-------+---------+---------+-------
        D:1 |      53 |       0 |   0.0 |      29 |       0 |   0.0
        D:2 |      29 |      24 |  45.3 |       9 |       6 |  40.0
        D:3 |      34 |     110 |  76.4 |      18 |      18 |  50.0
        D:4 |     229 |       0 |   0.0 |      19 |       0 |   0.0
        D:5 |     967 |      10 |   1.0 |      34 |       2 |   5.6
        D:6 |    1058 |     157 |  12.9 |      30 |       1 |   3.2
        D:7 |    2599 |       0 |   0.0 |      34 |       0 |   0.0
        D:8 |    1856 |       0 |   0.0 |      25 |       0 |   0.0
        D:9 |     399 |     836 |  67.7 |       2 |       1 |  33.3
      Sewer |       0 |     232 | 100.0 |       0 |      27 | 100.0
            +---------+---------+-------+---------+---------+-------

Illustrated notes

Table legend:
 A = Kills in this place as a percentage of kills in entire the game.
 B = Kills by you in this place as a percentage of kills by you in the entire game.
 C = Kills by friends in this place as a percentage of kills by friends in the entire game.
 D = Other kills in this place as a percentage of other kills in the entire game.
 E = Experience gained in this place as a percentage of experience gained in the entire game.
 F = Experience gained in this place divided by the number of levels of this place that you have seen.
                   A       B       C       D       E      F
               +-------+-------+-------+-------+-------+----------------------
         Total | 100.0 | 100.0 |   N/A |   N/A | 100.0 | 781.2
       Dungeon |  89.4 |  89.4 |   N/A |   N/A |  97.3 | 929.0
         Sewer |  10.6 |  10.6 |   N/A |   N/A |   2.7 | 232.0
               +-------+-------+-------+-------+-------+----------------------

Table legend: (Time is in decaauts)
 A = Elapsed time spent in this place.
 B = Non-inter-level travel time spent in this place.
 C = Inter-level travel time spent in this place.
 D = Time resting spent in this place.
 E = Time spent auto-exploring this place.
 F = Levels seen in this place.
 G = Mean time per level.
                   A        B        C        D        E       F      G
               +--------+--------+--------+--------+--------+-----+--------+
         Total |   8564 |   8200 |    364 |    374 |   6509 |  11 |  778.5 |
       Dungeon |   7773 |   7466 |    307 |    374 |   5903 |   9 |  863.7 |
        Temple |    286 |    230 |     56 |      0 |    208 |   1 |  286.0 |
         Sewer |    504 |    504 |      0 |      0 |    398 |   1 |  504.0 |
               +--------+--------+--------+--------+--------+-----+--------+

Top non-repeatable levels by time:
     D:3: 1244 daAuts
     D:7: 1096 daAuts
     D:4: 997 daAuts
     D:6: 989 daAuts
     D:5: 893 daAuts
     D:8: 845 daAuts
     D:1: 824 daAuts
     D:2: 821 daAuts
   Sewer: 504 daAuts
  Temple: 286 daAuts
     D:9: 60 daAuts
